 Dungeon Crawl Stone Soup version 0.28-a0-1143-gcf6077d4cc (webtiles) character file.

Game seed: 5224455296882736852

1215 ytrimaz the Covered (level 8, -2/64 HPs)
             Began as a Formicid Fighter on Dec 13, 2021.
             Was an Initiate of Ru.
             Succumbed to a scorpion's poison
             ... on level 6 of the Dungeon.
             The game lasted 00:05:53 (6432 turns).

ytrimaz the Covered (Formicid Fighter)              Turns: 6432, Time: 00:05:53

Health: -2/64      AC: 10    Str: 22    XL:     8   Next: 75%
Magic:  8/8        EV: 10    Int:  9    God:    Ru [......]
Gold:   268        SH:  5    Dex: 10    Spells: 7/7 levels left

rFire   + . .      SeeInvis +   n - +0 war axe
rCold   . . .      Faith    .   c - +0 buckler
rNeg    . . .      Spirit   .   l - +3 ring mail {rF+}
rPois   .          Reflect  .   (helmet unavailable)
rElec   .          Harm     .   h - +0 cloak
rCorr   +          Rampage  .   (no gloves)
Will    .....                   (no boots)
Stlth   ..........              (no amulet)
HPRegen 0.20/turn               p - ring of resist corrosion
MPRegen 0.11/turn               (no ring)

@: lethally poisoned (-2 -> -11)
A: permanent stasis, dig shafts and tunnels, antennae 3, four strong arms
a: Dig, Shaft Self, Renounce Religion


You were on level 6 of the Dungeon.
You worshipped Ru.
Ru was noncommittal.
You visited 2 branches of the dungeon, and saw 7 of its levels.

You collected 268 gold pieces.

Inventory:

Hand Weapons
 n - a +0 war axe (weapon)
Armour
 c - a +0 buckler (worn)
 h - a +0 cloak (worn)
 l - a +3 ring mail of fire resistance (worn)
Jewellery
 p - a ring of resist corrosion (left hand)
Scrolls
 f - a scroll of amnesia
 i - 2 scrolls of vulnerability
 m - a scroll of noise
 o - 2 scrolls of immolation
 q - a scroll of fear {unknown}
Potions
 a - a potion of cancellation {unknown}
 b - a potion of invisibility {unknown}
 d - a potion of attraction {unknown}
 e - 2 potions of curing {unknown}
 g - 2 potions of degeneration {unknown}
 j - a potion of haste {unknown}
 k - a potion of berserk rage {unknown}


   Skills:
 * Level 5.9 Fighting
 * Level 5.5(5.7) Axes
 - Level 1.7(3.9) Maces & Flails
 * Level 6.6 Armour
 * Level 6.1 Shields


You had 7 spell levels left.
You didn't know any spells.
Your spell library contained the following spells:

 Spells                   Type           Power      Damage    Failure   Level
 Animate Skeleton         Necr           0%         N/A       52%         1
 Pain                     Necr           0%         1d4       52%         1
 Sublimation of Blood     Necr           0%         N/A       67%         2
 Gell's Gravitas          Tloc           0%         N/A       88%         3
 Teleport Other           Tloc           0%         N/A       88%         3
 Vampiric Draining        Necr           0%         2d6       88%         3
 Petrify                  Tmut/Erth      0%         N/A       99%         4
 Irradiate                Conj/Tmut      0%         3d13      100%        5
 Dispersal                Tloc           0%         N/A       100%        6


Dungeon Overview and Level Annotations

Branches:
Dungeon (6/15)             Temple (1/1) D:5

Altars:
Ashenzari
Cheibriados
Dithmenos
Elyvilon
Fedhas
Gozag
Hepliaklqana
Kikubaaqudgha
Makhleb
Nemelex Xobeh
Okawaru
Qazlal
Ru
Sif Muna
Trog
Uskayaw
Vehumet
Wu Jian
Xom
Zin
The Shining One

Shops:
D:2 [


Innate Abilities, Weirdness & Mutations

You cannot be hasted, slowed, berserked, paralysed or teleported.
You can dig through walls and to a lower floor.
You have a pair of large antennae on your head. (SInv)
Your four strong arms can wield two-handed weapons with a shield.


Message History

The wight is heavily damaged.
The wight hits you but does no damage.
You barely miss the wight.
The wight is heavily damaged.
The wight closely misses you.
You hit the wight.
The wight is almost destroyed.
You block the wight's attack.
You hit the wight.
You destroy the wight!
Things that are here:
a +0 morningstar; a +0 robe The scorpion stings you.
* * * LOW HITPOINT WARNING * * *
You block the scorpion's attack.
You hit the scorpion.
The scorpion is moderately wounded.
The scorpion stings you but does no damage.
You closely miss the scorpion.
The scorpion is moderately wounded.
The scorpion barely misses you.
The scorpion stings you but does no damage.
You hit the scorpion.
The scorpion is heavily wounded.
You block the scorpion's attack.
You closely miss the scorpion.
The scorpion is heavily wounded.
The scorpion stings you!
* * * LOW HITPOINT WARNING * * *
You are lethally poisoned!
The scorpion poisons you! The scorpion barely misses you.
You completely miss the scorpion.
The scorpion is heavily wounded.
* * * LOW HITPOINT WARNING * * *
You feel very sick. The scorpion stings you!
* * * LOW HITPOINT WARNING * * *
You slash the scorpion!
You kill the scorpion!
You die...

..............................
#.....................♣.♣....
.....##......##.....#.........
... ###...........#......... .
##.....)#.#..##......#.
#........#...#.......##
#........###..........#
##.....####......##..##
#..##@## ##......#..##
####...# ####........ ##..#
#......... #### ###.#....#
####...# #####


There were no monsters in sight!

Vanquished Creatures
  An acid dragon (D:5)
  Edmund (D:4)
  3 ogres (D:4)
  A phantom (D:5)
  A centaur (D:5)
  A bullfrog (D:6)
  A scorpion (D:6)
  A wight (D:6)
  A centaur zombie (D:6)
  3 hounds (D:5)
  An orc priest (D:3)
  2 jellies
  3 iguanas (D:5)
  7 gnolls
  5 adders
  2 worms
  2 dart slugs
  8 orcs
  2 ball pythons
  6 endoplasms
  2 giant cockroaches (D:1)
  5 goblins
  4 hobgoblins
  6 kobolds
  6 quokkas
  11 bats
  2 frilled lizards
  3 rats
91 creatures vanquished.

Vanquished Creatures (others)
  A withered plant (D:2)
1 creature vanquished.

Grand Total: 92 creatures vanquished

Notes
Turn   | Place    | Note
-------+----------+-------------------------------------------
     0 | D:1      | ytrimaz the Formicid Fighter began the quest for the Orb.
     0 | D:1      | Reached XP level 1. HP: 18/18 MP: 1/1
   103 | D:1      | Reached XP level 2. HP: 19/24 MP: 2/2
   450 | D:1      | Reached XP level 3. HP: 27/29 MP: 3/3
   825 | D:2      | Found Laamaske's Armour Shop.
  1075 | D:2      | Reached XP level 4. HP: 37/37 MP: 4/4
  1214 | D:2      | Found a faded altar of an unknown god.
  2051 | D:3      | Reached XP level 5. HP: 27/42 MP: 5/5
  2447 | D:3      | Found an opulent altar of Gozag.
  2452 | D:3      | Found a broken altar of Ashenzari.
  3202 | D:4      | Noticed Edmund
  3217 | D:4      | Killed Edmund
  3218 | D:4      | Reached skill level 5 in Armour
  3218 | D:4      | Reached XP level 6. HP: 15/49 MP: 6/6
  3521 | D:4      | Noticed an ogre
  3529 | D:4      | Killed an ogre
  3530 | D:4      | Reached skill level 5 in Shields
  3530 | D:4      | Reached XP level 7. HP: 25/55 MP: 7/7
  3792 | D:4      | Reached skill level 1 in Maces & Flails
  4328 | D:4      | Reached skill level 5 in Fighting
  4421 | D:5      | Entered Level 5 of the Dungeon
  4824 | D:5      | Reached XP level 8. HP: 60/62 MP: 8/8
  5020 | D:5      | Found a staircase to the Ecumenical Temple.
  5046 | Temple   | Entered the Ecumenical Temple
  5253 | Temple   | Became a worshipper of Ru the Awakened
  5874 | D:5      | Found a white marble altar of Elyvilon.
  5992 | D:5      | Reached skill level 5 in Axes
  6291 | D:6      | Noticed a troll
  6431 | D:6      | HP: 1/64 [scorpion (7)]
  6432 | D:6      | Succumbed to a scorpion's poison

Illustrated notes

Levels and vault maps discovered:
D:1:      shiori_shiawase, layout_basic, st_stairs_4, serial_bayou_pond_a,
          grunt_decor_cap, minivault_11, minmay_fountain_box, minmay_bisected
D:2:      layout_basic, serial_shops, nicolae_shop_crystal,
          ebering_ecumenical_altar_petrified
D:3:      layout_basic, grunt_temple_overflow_open,
          chequers_serial_rivers_micro_a
D:4:      layout_basic, feat_on_display, uniq_edmund
D:5:      layout_cave_pods, nicolae_overflow_crystal_walls,
          minmay_temple_entry_offerings, minmay_strange_pillars
D:6:      layout_cave_pools, mainiacjoe_overflow_six_doors_small, serial_park,
          serial_park_square3 [serial_park_minivault_5x5_6],
          serial_park_fountain, serial_park_tiny_2,
          hangedman_abyss_or_decor_stagger
Temple:   eino_narrow_crystal_temple

Skill      XL: |  1  2  3  4  5  6  7  8 |
---------------+-------------------------+-----
Shields        | 4 5 6 |  6.1
Armour         | 4 5 6 |  6.6
Fighting       | 4 5 |  5.9
Axes           | 3 4 5 |  5.5
Maces & Flails | 1 |  1.7

Action                   |  1- 3 |  4- 6 |  7- 9 || total
-------------------------+-------+-------+-------++-------
Melee: War axe           |    80 |   112 |   110 ||   302
       Dire flail        |       |     5 |    26 ||    31
 Abil: Dig               |       |       |     1 ||     1
  Use: Scroll            |     1 |     2 |     3 ||     6
       Potion            |       |     2 |       ||     2
Armor: Scale mail        |    61 |    67 |       ||   128
       Ring mail         |       |       |    62 ||    62
Dodge: Dodged            |    48 |    58 |   101 ||   207
Block: Buckler           |    23 |    34 |    45 ||   102

Table legend: (Time is in decaauts)
 A = Elapsed time spent in this place.
 B = Non-inter-level travel time spent in this place.
 C = Inter-level travel time spent in this place.
 D = Time resting spent in this place.
 E = Time spent auto-exploring this place.
 F = Levels seen in this place.
 G = Mean time per level.
                   A        B        C        D        E       F      G
               +--------+--------+--------+--------+--------+-----+--------+
         Total |   6545 |   6337 |    208 |    651 |   4700 |   7 |  935.0 |
       Dungeon |   6332 |   6154 |    178 |    651 |   4529 |   6 | 1055.3 |
        Temple |    213 |    183 |     30 |      0 |    171 |   1 |  213.0 |
               +--------+--------+--------+--------+--------+-----+--------+

Top non-repeatable levels by time:
     D:5: 1698 daAuts
     D:2: 1448 daAuts
     D:4: 1380 daAuts
     D:1: 840 daAuts
     D:3: 837 daAuts
  Temple: 213 daAuts
     D:6: 127 daAuts
